 Dungeon Crawl Stone Soup version 0.21.1-1-g345015f (webtiles) character file.

77 Gweezlebur the Sneak (level 4, -5/21 HPs)
             Began as a Spriggan Enchanter on June 1, 2018.
             Killed by nerve-wracking pain
             ... invoked by Jessica
              (13 damage)
             ... on level 2 of the Dungeon.
             The game lasted 00:10:00 (2204 turns).

Gweezlebur the Sneak (Spriggan Enchanter)           Turns: 2204, Time: 00:10:00

Health: -5/21      AC:  2    Str:  5    XL:     4   Next: 13%
Magic:  5/9        EV: 18    Int: 16    God:
Gold:   85         SH:  0    Dex: 16    Spells: 5/8 levels left

rFire    . . .     SeeInvis +   a - +1 dagger
rCold    . . .     Gourm    .   (shield restricted)
rNeg     . . .     Faith    .   b - +0 robe
rPois    .         Spirit   .   (helmet restricted)
rElec    .         Reflect  .   (no cloak)
rCorr    .         Harm     .   (gloves unavailable)
MR       .....                  (boots unavailable)
Stlth    +++.......             (no amulet)
HPRegen  0.07/turn              (no ring)
MPRegen  0.11/turn              (no ring)

@: very slightly contaminated, very quick
A: very small, unfitting armour, see invisible, herbivore, speed 3, slow
metabolism 2
a: no special abilities


You were on level 2 of the Dungeon.
You were not hungry.

You visited 1 branch of the dungeon, and saw 2 of its levels.

You collected 85 gold pieces.

Inventory:

Hand Weapons
 a - a +1 dagger (weapon)
Armour
 b - a +0 robe (worn)
Jewellery
 g - an uncursed amulet of rage {unknown}
 i - a cursed amulet of inaccuracy {unknown}
Scrolls
 e - a scroll of enchant armour {unknown}
 f - 4 scrolls of identify {unknown}
Potions
 h - 2 potions of heal wounds {unknown}
 j - a potion of haste {unknown}
 k - a potion of curing {unknown}
 l - a potion of magic {unknown}
Books
 c - a book of Maledictions

   Spells                             Type                      Level
   a - Corona                         Hexes                        1
   b - Ensorcelled Hibernation        Hexes/Ice                    2
   c - Confuse                        Hexes                        3
   d - Tukima's Dance                 Hexes                        3
   e - Dazzling Spray                 Conjuration/Hexes            3
Comestibles
 d - 2 rations


   Skills:
 + Level 3.2 Short Blades
 - Level 3.0 Dodging
 + Level 6.3 Stealth
 - Level 2.6 Spellcasting
 - Level 3.6 Hexes


You had 5 spell levels left.
You knew the following spells:

 Your Spells              Type           Power        Failure   Level  Hunger
a - Corona                Hex            ##.....      4%          1    #......
b - Ensorcelled Hibernat  Hex/Ice        #.....       14%         2    ##.....


Dungeon Overview and Level Annotations

Branches:
Dungeon (2/15)

Altars:

Annotations:
D:2 Jessica


Innate Abilities, Weirdness & Mutations

You are very small and have problems with some larger weapons.
You are too small for most types of armour.
You have supernaturally acute eyesight. (SInv)
You are a herbivore.
You cover ground extremely quickly.
You need consume almost no food.


Message History

Jessica is unaffected.
Jessica zaps a wand.
The puff of flame hits you!
Huge Dmg: -33%(-7hp) hp: 58%(12hp)
You are too injured to fight recklessly!
You closely miss Jessica. Jessica completely misses you.
You hit Jessica but do no damage. Jessica hits you but does no damage.
You hit Jessica but do no damage. Jessica hits you.
Jessica casts a spell.
Jessica blinks!
Huge Dmg: -15%(-3hp) hp: 43%(9hp) Jessica barely misses you.
You closely miss Jessica. Jessica hits you.
Damage: -4%(-1hp) hp: 39%(8hp)
You hit Jessica but do no damage. Jessica hits you but does no damage.
You barely miss Jessica.
Jessica zaps a wand.
The puff of flame misses you. Jessica completely misses you.
You closely miss Jessica. Jessica casts a spell at you.
Pain shoots through your body!
Ouch! That really hurt!
You die...

.....###......#
....## #......# ...##
#......#### #'##
#.#.......## #.#
#.##.......## #.#
#....#####..## #.##
##..##.!.##..# ...##
#..#.....#..# ....#
##..#....@@..# ....#
#...#.....#..#
..#.####...##.!.##..#
........<...#####..##
..#.#######.......##
#.#.# ##.....## #.#.#
####### ....# #.###


You could see Jessica.

Vanquished Creatures
  4 adders (D:2)
  2 dart slugs
  A ball python (D:2)
  3 giant cockroaches
  3 goblins
  4 hobgoblins
  2 jackals (D:2)
  A quokka (D:2)
  5 bats
  4 frilled lizards
  4 kobolds (D:1)
  8 rats
41 creatures vanquished.

Notes
Turn   | Place    | Note
-------+----------+-------------------------------------------
     0 | D:1      | Gweezlebur the Spriggan Enchanter began the quest for the Orb.
     0 | D:1      | Reached XP level 1. HP: 9/9 MP: 5/5
   188 | D:1      | Huge Dmg: 2 dmg
   207 | D:1      | Reached skill level 5 in Stealth
   207 | D:1      | Reached XP level 2. HP: 7/13 MP: 6/6
   453 | D:1      | Learned a level 2 spell: Ensorcelled Hibernation
   499 | D:1      | Huge Dmg: 3 dmg
  1397 | D:2      | Reached XP level 3. HP: 16/16 MP: 5/8
  1674 | D:2      | Reached skill level 6 in Stealth
  2155 | D:2      | Reached XP level 4. HP: 21/21 MP: 9/9
  2182 | D:2      | Noticed Jessica
  2196 | D:2      | Huge Dmg: 7 dmg
  2199 | D:2      | Huge Dmg: 3 dmg
  2204 | D:2      | Killed from afar by Jessica

Skill      XL: |  1  2  3 |
---------------+----------+-----
Stealth        | 5 6 |  6.3
Short Blades   | 2 3 |  3.2
Dodging        | |  3.0
Spellcasting   | |  2.6
Hexes          | |  3.6

Action                   |  1- 3 |  4- 6 || total
-------------------------+-------+-------++-------
Melee: Dagger            |    87 |    13 ||   100
 Cast: Ensorcelled Hiber |    17 |     2 ||    19
 Stab: Sleeping          |    27 |       ||    27
Armor: Robe              |     9 |     2 ||    11
Dodge: Dodged            |    86 |    10 ||    96
